 Dungeon Crawl Stone Soup version 0.30.1-9-gdf580d7c3d (webtiles) character file.

Game seed: 17389169613679633613

50264 Nonny the Peltast (level 14, -7/130 HPs)
             Began as a Troll Air Elementalist on Oct 7, 2023.
             Was a High Priest of Sif Muna.
             Mangled by a redback (13 damage)
             ... on level 4 of the Lair of Beasts on Oct 8, 2023.
             The game lasted 00:59:11 (16050 turns).

Nonny the Peltast (Troll Air Elementalist)         Turns: 16050, Time: 00:59:13

Health: -7/130     AC: 13    Str: 19    XL:     14   Next: 19%
Magic:  20/20      EV:  8    Int: 15    God:    Sif Muna [*****.]
Gold:   3300       SH: 25    Dex: 10    Spells: 19/23 levels left

rFire   + .          .
                       - Unarmed
rCold   . . .        H - +1 tower shield {rF+}
rNeg    . . .        a - +0 acid dragon scales
rPois   .            (helmet restricted)
rElec   .            D - +0 cloak
rCorr   +            (gloves unavailable)
SInv    .            (boots unavailable)
Will    +....        o - amulet of reflection
Stlth   +            d - +4 ring of slaying
HPRegen 1.21/turn    u - +4 ring of protection
MPRegen 0.17/turn

%: reflection
@: lethally poisoned (-7 -> -35)
A: large, unfitting armour, claws 3, regeneration 1, shaggy fur 1, tough skin 1
a: Renounce Religion, Channel Magic, Forget Spell, Divine Exegesis


You were on level 4 of the Lair of Beasts.
You worshipped Sif Muna.
Sif Muna was extremely pleased with you.
You visited 3 branches of the dungeon, and saw 16 of its levels.
You also visited: Bailey.

You collected 3356 gold pieces.
You spent 56 gold pieces at shops.

Inventory:

Hand Weapons
 O - a +3 quarterstaff
 W - a +1 heavy great mace
Missiles
 c - 31 poisoned darts
 B - 4 large rocks (quivered)
 F - 6 curare-tipped darts
 G - 4 atropa-tipped darts
 P - 3 throwing nets
 U - 6 silver javelins
Armour
 a - +0 acid dragon scales (worn)
 g - +0 steam dragon scales
 i - +0 fire dragon scales
 l - a +2 robe of willpower
 D - a +0 cloak (worn)
 H - a +1 tower shield of fire resistance (worn)
Magical Staves
 A - a staff of fire
Jewellery
 d - a +4 ring of slaying (left claw)
 m - a +5 ring of evasion
 o - an amulet of reflection (around neck)
 u - a +4 ring of protection (right claw)
 w - a ring of protection from fire
 x - a ring of fire
 K - an amulet of faith
 R - a ring of fire
 T - a +6 ring of intelligence
Wands
 q - a wand of acid (5)
 r - a wand of charming (17)
 y - a wand of iceblast (18)
 I - a wand of mindburst (16)
 J - a wand of polymorph (3)
 L - a wand of digging (10)
 S - a wand of flame (17)
Scrolls
 e - a scroll of poison {unknown}
 f - 12 scrolls of teleportation
 h - 5 scrolls of enchant armour {unknown}
 j - 3 scrolls of amnesia
 n - 4 scrolls of fear
 p - 2 scrolls of fog {unknown}
 s - a scroll of noise
 v - 7 scrolls of vulnerability
 z - a scroll of immolation {unknown}
 M - 3 scrolls of magic mapping
 N - a scroll of blinking
 Q - 5 scrolls of identify
Potions
 b - 3 potions of magic
 k - 3 potions of attraction
 t - 4 potions of brilliance
 C - 3 potions of flight
 E - 2 potions of mutation
 V - a potion of cancellation


   Skills:
 - Level 6.0 Fighting
 - Level 1.5 Dodging
 - Level 1.4 Stealth
 - Level 17.5 Shields
 - Level 9.0 Unarmed Combat
 - Level 5.0 Spellcasting
 - Level 0.6 Conjurations
 + Level 5.2 Air Magic


You had 19 spell levels left.
You knew the following spells:

 Your Spells              Type           Power      Damage    Failure   Level
a - Shock                 Conj/Air       48%        1d6       16%         1
b - Swiftness             Air            19%        N/A       17%         3

Your spell library contained the following spells:

 Spells                   Type           Power      Damage    Failure   Level
 Static Discharge         Conj/Air       24%        2-3/arc   22%         2
 Poisonous Vapours        Pois/Air       22%        N/A       26%         2
 Magic Dart               Conj           20%        1d4       36%         1
 Kiss of Death            Conj/Necr      16%        2d6       41%         1
 Freeze                   Ice            12%        1d3       45%         1
 Sting                    Tmut/Pois      12%        1d3       45%         1
 Vhi's Electric Charge    Tloc/Air       22%        N/A       45%         3
 Airstrike                Air            9%         2d(2-18)  50%         4
 Searing Ray              Conj           10%        2d4       52%         2
 Blink                    Tloc           6%         N/A       58%         2
 Ensorcelled Hibernation  Hex/Ice        6%         N/A       58%         2
 Passwall                 Tmut/Erth      2%         N/A       58%         2
 Call Canine Familiar     Summ           3%         N/A       83%         3
 Confusing Touch          Hex            3%         N/A       83%         3
 Inner Flame              Hex/Fire       3%         N/A       83%         3
 Portal Projectile        Hex/Tloc       6%         N/A       83%         3
 Dispel Undead            Necr           3%         3d7       99%         4
 Fulminant Prism          Conj/Hex       2%         3d5       99%         4
 Leda's Liquefaction      Hex/Erth       1%         N/A       99%         4
 Manifold Assault         Tloc           3%         N/A       99%         4
 Olgreb's Toxic Radiance  Pois           3%         N/A       99%         4
 Arcjolt                  Conj/Air       6%         1d16      99%         5
 Metabolic Englaciation   Hex/Ice        1%         N/A       100%        5
 Summon Mana Viper        Hex/Summ       3%         N/A       100%        5
 Plasma Beam              Fire/Air       5%         2x1d17    100%        6
 Storm Form               Tmut/Air       5%         N/A       100%        7
 Discord                  Hex            1%         N/A       100%        8


Dungeon Overview and Level Annotations

Branches:
Dungeon (10/15)            Temple (1/1) D:6            Lair (5/5) D:8
  Swamp (0/4) Lair:2        Snake (0/4) Lair:3        Slime (0/5) Lair:4
    Orc (0/2) D:9          Bailey (visited)

Altars:
Ashenzari
Cheibriados
Dithmenos
Elyvilon
Fedhas
Gozag
Hepliaklqana
Kikubaaqudgha
Makhleb
Nemelex Xobeh
Okawaru
Qazlal
Ru
Sif Muna
Trog
Uskayaw
Vehumet
Wu Jian
Xom
Yredelemnul
Zin
The Shining One

Shops:
D:4 ?


Innate Abilities, Weirdness & Mutations

You are too large for most types of armour.
You have claws for hands.
Your natural rate of healing is unusually fast.
You are covered in fur. (AC +1)
You have tough skin. (AC +1)


Message History

The guardian serpent hits you!
You barely miss the redback. The redback bites you!
You are poisoned.
The redback poisons you!
The black mamba bites you but does no damage.
The guardian serpent hits you but does no damage.
Unknown command.
You barely miss the redback.
You feel extremely sick. You block the black mamba's attack.
You block the redback's attack. The guardian serpent barely misses you.
The black mamba bites you but does no damage.
The redback closely misses you.
You scratch the redback.
The redback is moderately wounded.
You feel extremely sick. You block the black mamba's attack.
You block the guardian serpent's attack.
You block the redback's attack. The black mamba bites you!
You are more poisoned.
The black mamba poisons you! The guardian serpent hits you!
You claw the redback!
The redback is almost dead.
You feel extremely sick. You block the redback's attack.
You block the black mamba's attack. The guardian serpent hits you!
* * * LOW HITPOINT WARNING * * *
You block the redback's attack. You block the black mamba's attack.
The guardian serpent coils itself and waves its upper body at you.
The bolt of poison hits you!
You are lethally poisoned!
* * * LOW HITPOINT WARNING * * *
The bolt of poison hits the black mamba.
The redback attacks as you move away! You block the redback's attack.
The black mamba attacks as you move away!
The black mamba bites you but does no damage.
* * * LOW HITPOINT WARNING * * *
You feel extremely sick. You block the black mamba's attack.
The redback bites you!
You die...

# #.#..#.⌠.#....########.
##.##.....##...##.##...
####†....(..##..#.#..##. #
#.##.........###........ #
##............##........ #
####.....#...#....##....... #
#.##...###.⌠.##....Y.†..... #
##.#..(###^..####..D....... #
##...###.@S...#....#÷..... ##<.⌠#
#Ss>..##.⌠.<#...... #
####....###...†.###...#...... #
#.P.#..Y.##....##.....#......
#####....#F..##..⌠.###...#.......
...##....#.........##...#........
P#.........#...........##........
.#.........##.........#..........
#........#####.......##..........


You could see a guardian serpent, a black mamba and a redback.

Vanquished Creatures
  Harold (Lair:1)
  2 two-headed ogres
  4 death yaks
  Nergalle (Lair:2)
  Amaemon (Lair:3)
  A bog body (Lair:2)
  An orc knight (Bailey)
  An oklob plant (Lair:2)
  A manticore (Lair:4)
  6 black mambas
  Maurice (D:8)
  11 elephants
  10 cane toads
  Joseph (D:7)
  An orange demon (Lair:3)
  Maggie (D:7)
  3 torpor snails
  2 kobold demonologists (Bailey)
  8 komodo dragons
  4 rime drakes
  A polar bear (Lair:3)
  3 hornets
  Grinder (D:4)
  6 dream sheep
  10 blink frogs
  32 yaks
  8 wyverns
  A shadow (D:9)
  3 basilisks
  2 steam dragons
  A redback (Lair:5)
  Eustachio (D:4)
  Menkaure (D:7)
  4 acid dragons
  17 water moccasins
  2 swamp drakes (Lair:5)
  11 orc warriors
  A sky beast (D:7)
  3 black bears
  4 ice beasts (D:6)
  An ogre (D:6)
  2 centaurs (D:7)
  21 wolves
  A phantom (D:4)
  A kobold brigand (D:8)
  14 bullfrogs
  A gnoll sergeant (D:7)
  3 scorpions
  6 killer bees (D:8)
  5 howler monkeys
  5 electric eels (Bailey)
  16 jellies
  3 hounds (D:6)
  10 orc priests
  Crazy Yiuf (D:7)
  A sleepcap (D:5)
  Ijyb (D:3)
  3 iguanas (Lair:5)
  11 orc wizards
  Robin (D:4)
  4 adders
  5 gnolls
  2 white imps
  A worm (D:2)
  A dart slug (D:2)
  42 orcs
  4 bats
  6 endoplasms
  7 giant cockroaches
  19 goblins
  14 hobgoblins
  13 jackals
  12 kobolds
  4 quokkas
  10 ball pythons
  3 frilled lizards
  2 rats (D:1)
429 creatures vanquished.

Vanquished Creatures (collateral kills)
  3 orc warriors (Bailey)
  A hobgoblin (Bailey)
  A goblin (Bailey)
5 creatures vanquished.

Vanquished Creatures (others)
  A fire dragon (Lair:5)
  A sky beast (Lair:5)
2 creatures vanquished.

Grand Total: 436 creatures vanquished

Notes
Turn   | Place    | Note
-------+----------+-------------------------------------------
     0 | D:1      | Nonny the Troll Air Elementalist began the quest for the
                  | Orb.
     0 | D:1      | Reached XP level 1. HP: 16/16 MP: 1/1
     0 | D:1      | Starting vault: deep water labyrinth
    79 | D:1      | Inescapable Atlas to the east of start
    91 | D:1      | 4chamb floor
   170 | D:1      | Reached skill level 1 in Unarmed Combat
   264 | D:1      | Book of Lightning in east room with +0 dagger kobold
   326 | D:1      | Reached XP level 2. HP: 24/24 MP: 2/2
   522 | D:1      | Large vault made up of many rooms takes up southeastern
                  | quadrant of floor.
   952 | D:2      | Found a shimmering blue altar of Sif Muna.
   968 | D:2      | Became a worshipper of Sif Muna the Loreminder
  1057 | D:2      | Reached XP level 3. HP: 31/31 MP: 3/3
  1295 | D:2      | Book of Touch in middle-north
  1409 | D:2      | Amulet of reflection in northeast
  1599 | D:3      | Reached XP level 4. HP: 32/39 MP: 4/4
  1622 | D:3      | JUNACOTHEU - torment
  1623 | D:3      | fizzy brown potion - degeneration
  1623 | D:3      | YGISEN WIEZERY - identify
  1628 | D:3      | POJOTES REAGEX - teleportation
  1639 | D:3      | OBRENLAXAUFO - noise
  1681 | D:3      | Reached * piety under Sif Muna
  1714 | D:3      | +4 ring of slaying in south or central hallway
  2024 | D:3      | Noticed Ijyb
  2031 | D:3      | Killed Ijyb
  2071 | D:3      | Reached XP level 5. HP: 43/45 MP: 5/5
  2083 | D:2      | Northeastern D:3 uphatch leads to eastern D:2. Not viable
                  | for orbrun, I think.
  2219 | D:4      | Noticed a black bear
  2224 | D:4      | Killed a black bear
  2225 | D:4      | Reached skill level 5 in Unarmed Combat
  2239 | D:4      | Noticed Eustachio
  2274 | D:4      | Killed Eustachio
  2275 | D:4      | Reached XP level 6. HP: 31/53 MP: 6/6
  2279 | D:4      | Dude has a +2 leather armor of poison resistance.
  2319 | D:4      | Reached XP level 7. HP: 31/59 MP: 7/7
  2328 | D:4      | Noticed Robin
  2337 | D:4      | Killed Robin
  2344 | D:4      | Reached ** piety under Sif Muna
  2374 | D:4      | Found Noxoulae's Magic Scroll Shoppe.
  2383 | D:4      | Bought a scroll of fear for 56 gold pieces
  2403 | D:4      | Found a snail-covered altar of Cheibriados.
  2413 | D:4      | Found a shimmering blue altar of Sif Muna.
  2414 | D:4      | Noticed Grinder
  2417 | D:4      | Paralysed by Grinder for 4 turns
  2423 | D:4      | Paralysed by Grinder for 4 turns
  2462 | D:4      | Paralysed by Grinder for 3 turns
  2469 | D:4      | Killed Grinder
  2988 | D:5      | Entered Level 5 of the Dungeon
  2993 | D:5      | Learned a level 3 spell: Swiftness
  3105 | D:5      | bubbling puce potion - attraction
  3106 | D:5      | lumpy puce potion - curing
  3157 | D:5      | white potion - might
  3158 | D:5      | yellow potion - lignification
  3427 | D:5      | staff of fire in southern hallway
  3450 | D:5      | Reached XP level 8. HP: 67/67 MP: 9/9
  4384 | D:6      | inky potion - haste
  4405 | D:6      | Found a basalt altar of Yredelemnul.
  4564 | D:6      | Book of Burglary
  4585 | D:6      | Found a radiant altar of Vehumet.
  4586 | D:6      | Found a blossoming altar of Fedhas.
  4652 | D:6      | Reached *** piety under Sif Muna
  4862 | D:6      | Found a staircase to the Ecumenical Temple.
  4876 | D:6      | Temple entrance in center-east chamber. Nothing special.
  4878 | Temple   | Entered the Ecumenical Temple
  5090 | Temple   | Temple: deep water flails(?)
  5213 | D:6      | Reached XP level 9. HP: 74/74 MP: 15/15
  5340 | D:7      | Reached skill level 5 in Spellcasting
  5353 | D:7      | KUAPIAZIYS - amnesia
  5400 | D:7      | NUMIMAC ITEO - magic mapping
  5413 | D:7      | Identified the +1 hammer of Zoufomiwk {holy, Dex+2 Stlth+}
  5479 | D:7      | Found a flagged portal.
  5488 | Bailey   | Entered a bailey
  5545 | Bailey   | Reached skill level 1 in Fighting
  5677 | Bailey   | Noticed an orc knight
  5698 | Bailey   | Killed an orc knight
  5699 | Bailey   | Reached skill level 5 in Fighting
  5827 | Bailey   | Noticed a kobold demonologist
  5952 | Bailey   | Acquired 761 gold pieces
  5954 | Bailey   | Acquired a +1 tower shield of fire resistance
  5966 | Bailey   | Reached skill level 1 in Shields
  5972 | Bailey   | Found an iron altar of Okawaru.
  5981 | Bailey   | Noticed an ice devil
  5992 | Bailey   | Killed a kobold demonologist
  5993 | Bailey   | Reached skill level 2 in Shields
  5993 | Bailey   | Reached XP level 10. HP: 64/98 MP: 16/16
  6031 | Bailey   | Reached skill level 3 in Shields
  6089 | Bailey   | +2 robe of willpower
  6110 | Bailey   | Identified the +1 flail "Ninavey" {venom, rF+ rN+}
  6186 | D:7      | It also had a potion of experience.
  6288 | D:7      | Noticed Maggie
  6288 | D:7      | Noticed Menkaure
  6292 | D:7      | Reached skill level 4 in Shields
  6293 | D:7      | Reached **** piety under Sif Muna
  6297 | D:7      | Killed Maggie
  6298 | D:7      | Killed Menkaure
  6312 | D:7      | Noticed Joseph
  6319 | D:7      | FIZZY COPPERY POTION - BERSERK RAGE!!!
  6323 | D:7      | Killed Joseph
  6324 | D:7      | Reached skill level 5 in Shields
  6625 | D:7      | Found a runed translucent door.
  6626 | D:7      | Noticed Crazy Yiuf
  6634 | D:7      | Killed Crazy Yiuf
  6636 | D:7      | Identified the +5 hammer of Ihim {freeze, Str+2}
  6906 | D:8      | Found a staircase to the Lair.
  6964 | D:8      | Reached skill level 6 in Shields
  7024 | D:8      | Found an ornate altar of the Wu Jian Council.
  7307 | D:8      | Noticed Maurice
  7327 | D:8      | Killed Maurice
  7328 | D:8      | Reached skill level 7 in Shields
  7374 | D:8      | Reached ***** piety under Sif Muna
  7418 | D:8      | Noticed a two-headed ogre
  7424 | D:8      | Killed a two-headed ogre
  7425 | D:8      | Reached skill level 8 in Shields
  7591 | D:9      | Received a gift from Sif Muna
  7912 | D:9      | Found an opulent altar of Gozag.
  8003 | D:9      | lajatang in the south
  8018 | D:9      | Reached XP level 11. HP: 80/105 MP: 17/17
  8053 | D:9      | Found a staircase to the Orcish Mines.
  8053 | D:9      | Noticed a two-headed ogre
  8068 | D:9      | Killed a two-headed ogre
  8069 | D:9      | Reached skill level 9 in Shields
  8359 | D:9      | Found a glowing silver altar of Zin.
  8557 | D:10     | Entered Level 10 of the Dungeon
  8632 | D:10     | Paralysed by a hornet for 2 turns
  8657 | D:10     | Reached skill level 12 in Shields
  8657 | D:10     | Reached XP level 12. HP: 114/114 MP: 18/18
  8658 | D:10     | Acquired 635 gold pieces
  9265 | D:10     | Acquired 770 gold pieces
  9412 | Lair:1   | Entered Level 1 of the Lair of Beasts
  9419 | Lair:1   | +3 quarterstaff right by entrance
  9539 | Lair:1   | red potion - brilliance
  9540 | Lair:1   | golden potion - heal wounds
  9541 | Lair:1   | emerald potion - flight
  9542 | Lair:1   | black potion - mutation
  9624 | Lair:1   | Reached skill level 13 in Shields
 10085 | Lair:1   | Noticed Harold
 10098 | Lair:1   | Killed Harold
 10099 | Lair:1   | Reached skill level 14 in Shields
 10283 | Lair:1   | Identified the +0 leather armour of Dowdy the Good {*Slow
                  | Fly rC+ Dex+7}
 10565 | Lair:2   | Found a staircase to the Swamp.
 10581 | Lair:2   | HP: 3/114 [bog body/bolt of cold (21)]
 10587 | Lair:2   | HP: 4/114 [bog body (18)]
 10837 | Lair:2   | Reached skill level 15 in Shields
 10885 | Lair:2   | purple potion - cancellation
 11013 | Lair:2   | Reached XP level 13. HP: 116/120 MP: 19/19
 11063 | Lair:2   | Noticed Nergalle
 11084 | Lair:2   | Killed Nergalle
 11619 | Lair:3   | Noticed Amaemon
 11666 | Lair:3   | Killed Amaemon
 12092 | Lair:3   | Reached skill level 16 in Shields
 12295 | Lair:3   | Found a staircase to the Snake Pit.
 12364 | Lair:3   | Received a gift from Sif Muna
 13391 | Lair:4   | Reached skill level 17 in Shields
 13419 | Lair:4   | Found a staircase to the Slime Pits.
 14267 | Lair:4   | Received a gift from Sif Muna
 14268 | Lair:4   | Got Sif Muna's Elucidation of Arctic Imprecation {god gift}
 14983 | Lair:5   | Entered Level 5 of the Lair of Beasts
 15114 | Lair:5   | Noticed a fire dragon
 15139 | Lair:5   | Killed a fire dragon
 15140 | Lair:5   | Reached XP level 14. HP: 54/130 MP: 20/20
 15255 | Lair:5   | ABOVINIXIAN or whatever - blinking
 15934 | Lair:4   | Reached skill level 5 in Air Magic
 16050 | Lair:4   | HP: 6/130 [poisoned by a guardian serpent (bolt of poison)]
 16050 | Lair:4   | Mangled by a redback

Illustrated notes ##......#...... #.............. ......≈≈≈≈≈(≈≈≈ ......≈...≈.≈.. ....!.≈≈≈.≈≈≈.≈ #.......≈>....≈ #....≈≈≈.≈≈≈.≈ #...≈@..≈.≈.≈ ##..≈≈≈≈≈.≈.≈ #........≈>. #..≈≈≈≈≈.≈.≈ #..≈...≈.≈.≈ ...≈≈≈.≈≈≈.≈ ......≈>[...≈ .....≈≈≈.≈≈≈.≈ Turn 0 on D:1: Starting vault: deep water labyrinth .## #. .# ..# #.#.# ..# ... ..######## #.# .........# ##.## ≈≈≈.≈≈≈..####...#### ..≈.≈....).........+ ≈≈≈.≈≈≈.#........# ≈..>..≈...####.#@# ≈.≈≈≈.≈.[.# #.#.# ≈.≈.≈.≈...# ..#.# ≈≈≈.≈≈≈.#.# #.##.# ........#.# #. #.# ≈≈≈.≈≈≈...# #. #.. ≈.≈.≈.≈.#..... ... ≈.≈≈≈.≈.#####. #.. ≈..>..≈.# Turn 79 on D:1: Inescapable Atlas to the east of start #.#.# ##+## ... ##...## ## #.# ##.....## .# ##.## ##.......## .####...####.........# .).........'.........+ #........###.........# ..####.#.# ##.....).# [.# #.#.# ##..@..## ..# ..#.# ##...## #.# #.##.# ##+## #.# #. #.# ..# #. #.. #..... ... #####. #.. # # Turn 91 on D:1: 4chamb floor #.## ##.## ##.##.##.###.# ...#+#...###...#'#...##.# ....'.....'.....+.....'.# ...###...###...###...##.# #.## ##.## ##.##.##.###.# ### ### ###...###...# .# #.....##.### .+ +...).'..# .# #..@..##...# # ##...#####.# ##.## .# ### # Turn 264 on D:1: Book of Lightning in east room with +0 dagger kobold ..#.# ..#'# # .##.## ##. ##...## #.. '.....+ ..# ##...### ###..## .##.##.## ##.##..# ..###...###...##.# ...#.....#.....#@## ...'.....'.....'..# ...#.....#.....##.### ..###...###...###...# .##.##.##.##.##.###.# +#...###...#'#...##.# '.....'.....'.....'.# ##...###...###...##.# .##.##.##.##.##.###.# Turn 522 on D:1: Large vault made up of many rooms takes up southeastern quadrant of floor. #.## #..############### #..#.†.........#.. #....###....##.#.# #..#####....##.#.# #..............#.## .................. # # .................#.# .# .#########<#####@#.# #.# ...#.#####'#.......# ... .#.#.#.......###.######.#### .....#.......##............## ...#.#....................... ...#..........#........###... ..............'..†.).....+ .........##...#........### ..######.##...#........# Turn 1295 on D:2: Book of Touch in middle-north .###.# .# #.# #.# ## #.# #########.# #.###.........# #.<†..### #.# #..##>..# #.# #...#.#.# #.# #####.#.#####.# #.#......@# #.......### ###.###.# ### #.# # #.# # #.# + #.# # #.# # #.# Turn 1409 on D:2: Amulet of reflection in northeast #.#.# ### #.#.. ##.## #.#.. ##...#######.#.. ###.......<...†... #...).........†.#. #.###.#########... #.# #.#########..# #@# #............# #.# ##########..(# #.# #...# #.# #...# #.## #...# #..# #...# ##.# #.... #.# #.# Turn 1622 on D:3: JUNACOTHEU - torment #.#.# ### #.#.. ##.## #.#.. ##...#######.#.. ###.......<...†... #...).........†.#. #.###.#########... #.# #.#########..# #@# #............# #.# ##########..(# #.# #...# #.# #...# #.## #...# #..# #...# ##.# #.... #.# #.# Turn 1623 on D:3: fizzy brown potion - degeneration #.#.# ### #.#.. ##.## #.#.. ##...#######.#.. ###.......<...†... #...).........†.#. #.###.#########... #?# #.#########..# #@# #............# #.# ##########..(# #.# #...# #.# #...# #.## #...# #..# #...# ##.# #.... #.# #.# Turn 1628 on D:3: POJOTES REAGEX - teleportation #.# #.# #.# #####.# #.....# #.##### #.# #.# #@# #.# #.# #.# #.# #.# #.# #.. Turn 1639 on D:3: OBRENLAXAUFO - noise .# #.####### .## #.......# .#. #######.# .. #.############## .## #.....@........####..# ######### ##############......# ........# #####..# #######.# #..# #.# #..# #.# #########..### #.############............. #..............############ ################ Turn 1714 on D:3: +4 ring of slaying in south or central hallway #...# ###.# ########...####...# #..........'..).### #.######...#...).# #.# #####.....# #.# ###......# #.# ##........# ## #.######..##.....# .# #...........@....# .####.......########## ....#...#.#.# ###.....#.#.# #.....#.#.# #>#...#.#.# #.#...#.#.# ###.#...#.#.# ..#.#####.#.# Turn 2083 on D:2: Northeastern D:3 uphatch leads to eastern D:2. Not viable for orbrun, I think. #.##.###### ####.........# ......>......# #.##..††.....# #..........# ###..(.....# #####........# #...)........# #.####@####### # #..........# #..........# #..........# ####+####### Turn 2279 on D:4: Dude has a +2 leather armor of poison resistance. .... ###?.. ..... #.... ..... #.#.# .....##.#.###### ................ .......)........ #.###.)..# #...{)o#.# ######@.#.# #....#..#.# #.##.#..#.# #.##.####.# #.##......#### #.#######....#### #.#.....#.......# #.#.###.#.####..# #.#.# #.#.#.##..# .## Turn 3105 on D:5: bubbling puce potion - attraction .... ###?.. ..... #.... ..... #.#.# .....##.#.###### ................ .......)........ #.###.)..# #...{)o#.# ######@.#.# #....#..#.# #.##.#..#.# #.##.####.# #.##......#### #.#######....#### #.#.....#.......# #.#.###.#.####..# #.#.# #.#.#.##..# .## Turn 3106 on D:5: lumpy puce potion - curing #.. #.. #.# #.# .. #.# )...###.# # ..........###.### .... ###@....... . ..... #.......### .. ..... #.#.##### ##......##.#.####### ..................# .......)......... ##.###.)..#####.# #...)).#.# ######..#.# Turn 3157 on D:5: white potion - might #.. #.. #.# #.# .. #.# )...###.# # ..........###.### .... ###@....... . ..... #.......### .. ..... #.#.##### ##......##.#.####### ..................# .......)......... ##.###.)..#####.# #...)).#.# ######..#.# Turn 3158 on D:5: yellow potion - lignification #.#.#...#............# #.#.################.#### #.#.# #.#.. #.#.# #.#.# #.#.# ####.#.# ##.#.# #.....<# ...#.# #.##.#.#.# ####.#############........# #............@...(.#.### #.##################... #.# ##### ### Turn 3427 on D:5: staff of fire in southern hallway ..........)....⌠####...### #.....[.....#######......# ##################...###.# ...........# #.# #######.#### #.# #.# #.# #.# #.# ###.# #.# #.@.# #.# #.### #. #. .. .# #. #> Turn 4384 on D:6: inky potion - haste ............#.#..# ###########.#.#..# ###......##.#.#..# ..'.......#.#.#..# ###.......#.#.#..# #######.#...#..# #.#.###..# ########.#......# ........>#.# #@# #######.##.####.## ##..##.......# #..######..#......# ######.######...#####... ..............†≈≈≈≈≈≈≈≈. .######.#######.......≈ ## #.# .######.≈ # #.# ≈ Turn 4564 on D:6: Book of Burglary .#### #.#.......#.≈.####....#.≈.# .# #.#.......#.≈.....#####.≈.# .# #.#.......#.≈≈≈≈≈≈......≈.# .# #.#.......#.......≈≈≈≈≈≈≈.# .# #.#.......########........# ## !.........# ########## ..........# ..........# ........@># ..........# ##.######)# # #.# .. #.# .. #.# ##. #.# .... #.# .#.. #.# Turn 4876 on D:6: Temple entrance in center-east chamber. Nothing special. ≈≈≈≈≈≈...≈≈≈≈≈≈≈≈≈≈≈≈≈≈≈≈ ≈≈≈≈≈...≈≈≈≈≈≈≈≈≈≈≈≈≈≈≈≈≈ ≈≈≈≈≈...≈≈≈≈≈≈≈≈≈≈≈≈≈≈≈≈≈ ≈≈≈≈≈≈...≈≈≈≈≈≈≈≈≈≈≈≈≈≈≈≈ ≈≈≈≈≈≈≈...≈≈≈≈≈≈≈≈≈≈≈≈≈≈≈ ≈≈≈≈.......≈≈≈...≈≈≈≈≈≈≈≈ ≈≈≈.._........._..≈≈≈≈≈≈≈ ≈≈≈≈......_......≈≈≈≈≈≈≈≈ ≈≈≈≈...≈≈...≈≈..@≈≈≈≈≈≈≈≈ ≈≈≈≈≈...≈≈≈≈≈...≈≈≈≈≈≈≈≈≈ ≈≈≈≈≈≈...≈≈≈...≈≈≈≈≈≈≈≈≈≈ ≈≈≈≈≈≈.........≈≈≈≈≈≈≈≈≈≈ ≈≈≈≈≈.._....._..≈≈≈≈≈≈≈≈≈ ≈≈≈≈≈≈...._....≈≈≈≈≈≈≈≈≈≈ ≈≈≈≈≈≈.........≈≈≈≈≈≈≈≈≈ ≈≈≈≈≈≈≈≈.._..≈≈≈≈≈≈≈≈≈≈≈ ≈≈≈≈≈≈≈≈≈...≈≈≈≈≈≈≈≈≈≈≈ Turn 5090 on Temple: Temple: deep water flails(?) #......# #......# +......# #......# #......# #......# #......# #.<@.[.# #......# #......# #......# #......# #.)....# ######## Turn 5353 on D:7: KUAPIAZIYS - amnesia #..........#....'......# #..........#....#......# #....##....##...#......# #....##....##...#......# #.....#.........#......# #.....#.........#.<..[.# #.....'.........#......# #....##....##...#......# #....##@...##...#......# #...............#......# #...............#.)....# #...............######## #..............,,* #..............,,* #..............,,* #..............,,* *,,,,,,,,,,,,,,,******* Turn 5400 on D:7: NUMIMAC ITEO - magic mapping ######~~~~~~~~~~~######≈≈≈≈≈≈≈ #.'........∩........'.#≈≈≈≈≈≈≈ ###..######)######..###≈≈≈≈≈≈≈ #....#)).#.).#...#....#≈≈≈≈≈≈≈ #....#)).#...#...#....#≈≈≈≈≈≈≈ #'#'##+###8.8###'##'#'#≈≈≈≈≈≈≈ ~.#..# #...#...#..#.~≈≈≈≈≈≈≈ ~.#..# #8)8#'###..#.†≈≈≈≈≈≈≈ ~.#..# #...#.[@#..#.~≈≈≈≈≈≈≈ ~.#..#.. #...#.[[#..#.~≈≈≈≈≈≈≈ ~.#..#'####'####'#..#.~≈≈≈≈≈≈≈ ~.##)#...........#)##.~≈≈≈≈≈≈≈ ~.#).#....._).)..#.)#.~≈≈≈≈≈≈≈ ~.#.8#...........#8)#.~≈≈≈≈≈≈≈ ~.#..#...........#..#.~≈≈≈≈≈≈≈ ~.#.8#############8.#.~≈≈≈≈≈≈ ~.#.....#######.....#.~≈≈≈≈≈≈ Turn 6089 on Bailey: +2 robe of willpower

..# #...,,,+,,,,,*,,,,,*,
..###########...,,,*,,,,,*,,,,,*,
................,,,*,,,,,*,,,,,*,
................,,,*,,,,,*,,,,,*,
..........#*,,..*####+****,,,,,*,
..........##,,,.#.,.,,,,,,,,,,,*,
...........#,*,#8#.#,,,,,,,,,,,*,
...........+,#,#∩#.#,,,,,,,,,,,+,
...........#,#.#@8F#,,,,,,,,,,,*,
[...##....##*#.#.#.#,,,,,,,,,,,*,
######....## #.8.#.#,,,,*+******,
...........# #.#.#.#,,,,+,,,>,**,
...........# #.#.8.#,,,,*,,,,,**,
...........# #.#.#.#,,,,*,,,,,,,,
....##....## #.8.#.#,,,,***+****,
##'###....####.#.#,###,,,,,,,,,*,
.....#.......###'###.#,>,,,,,,,*,


Turn 6186 on D:7: It also had a potion of experience.
,,,,,,,,,,,,,,*,,,,,,,,,,,,*,,,,, ,,,,,,,,,...,,*,,,,,,*****+*,,,,,
,,,,,,,,,...,,+,,,,,,#.......#*** ,,,,,,,,,....,*,,,,,,#.......#
,,,***+*,.....*,,,,,,+...../.# ,,,*,,,*,.....########.......#
,,,*,,,*,.....@..............# ,,,*,,,*,....................#
..,*,,,*,.......@............# ...*,,,*,....................#
...*,,,*,....................#* ...#...#,.....................*
...#...#,..........)).........* ...+...###+###########........*
...#....#............'........* ...#....#............#........*
####....#............#.....###* Turn 6319 on D:7: FIZZY COPPERY POTION - BERSERK
RAGE!!! #.)).~~~~.# # #)..~~~~..o. . ########....~~~≈.#. # ............~~≈~.## #
##########.....~~~≈... # #....#####.###~≈.~..## ###.##.......# #~.~~~.#
#...############..~~~~# ..#.#...(.......@~~~~~# #.###.##########)~~~..# #<....#
##~≈~~!# ####### ~~≈~~# ~≈~~~# ~≈~..# ~~~.## #.### Turn 8003 on D:9: lajatang in
the south ### . #####.# ....#.<..## ........@## ...#.....# # #####.# ### Turn
9419 on Lair:1: +3 quarterstaff right by entrance ...## ....# .. #...### .##
###...## ..# #....## ..# ##....#########..##### ##....#††............ #
##.................. # ##.........@....... ## #####P..#########. .## #P..# ..##
#...# ...## ##..#### ### ....########...#P######.# #.................#.<..##
##....................## #P.........#...#.....# Turn 9539 on Lair:1: red potion
- brilliance ...## ....# .. #...### .## ###...## ..# #....## ..#
##....#########..##### ##....#††............ # ##.................. #
##.........@....... ## #####P..#########. .## #P..# ..## #...# ...## ##..####
### ....########...#P######.# #.................#.<..## ##....................##
#P.........#...#.....# Turn 9540 on Lair:1: golden potion - heal wounds ...##
....# .. #...### .## ###...## ..# #....## ..# ##....#########..#####
##....#††............ # ##.................. # ##.........@....... ##
#####P..#########. .## #P..# ..## #...# ...## ##..#### ###
....########...#P######.# #.................#.<..## ##....................##
#P.........#...#.....# Turn 9541 on Lair:1: emerald potion - flight ...## ....#
.. #...### .## ###...## ..# #....## ..# ##....#########..#####
##....#††............ # ##.................. # ##.........@....... ##
#####P..#########. .## #P..# ..## #...# ...## ##..#### ###
....########...#P######.# #.................#.<..## ##....................##
#P.........#...#.....# Turn 9542 on Lair:1: black potion - mutation
##....###..P.###.## ......##.#....##..# .............###..# ..##..##......##.##
..##...#.........# ..P#..###....##..# ......# ...####.# .P##..## ..... #.#
.###..PP#...P#.#@# ..............$..# .................. ...........[......#
.................## #.......###.###..# ........ #. #... .#...... . #..# ....[...
Turn 10885 on Lair:2: purple potion - cancellation ♣♣ ♣♣. ♣ ♣♣.. ≈~♣. ♣♣≈P~
≈≈..♣ ♣..~~♣♣~~..♣♣♣ ♣♣♣.~≈~~♣♣~.P..♣♣ ♣..~≈~~P♣♣♣.~≈..♣♣ ♣..~≈~.@..♣♣.~P..♣
♣♣♣..~...(♣♣♣≈~..♣♣ ♣.~≈≈~....♣♣~..♣.♣♣ ♣♣..≈≈....♣♣♣~~P...♣
♣..≈≈.....♣♣.♣~.P.P♣ ♣~≈≈≈~P♣♣♣♣.≈≈≈~♣♣.♣♣ ♣~≈≈~~~.♣♣..≈♣♣~~♣.P♣
♣.≈≈≈≈~♣♣♣~≈..♣♣...♣♣ ♣~≈≈≈..♣♣~≈..♣♣♣≈~♣.♣ Turn 15255 on Lair:5: ABOVINIXIAN or
whatever - blinking

Levels and vault maps discovered:
D:1:      evilmike_arrival_hilbert_curve, layout_loops_corners, st_stairs_12,
          nicolae_hexahallways
D:2:      layout_basic, basic_altar
D:3:      layout_loops_ring, uniq_ijyb
D:4:      layout_basic, mainiacjoe_overflow_catwalk_spiral, serial_shops, shop,
          uniq_robin, uniq_grinder, uniq_eustachio
D:5:      layout_basic
D:6:      kennysheep_spiral_hall, layout_basic,
          mainiacjoe_overflow_small_starburst, nicolae_overflow_squiral,
          minmay_temple_entry_proselytizer
D:7:      layout_gridville, enter_bailey_8, uniq_maggie, uniq_menkaure,
          uniq_crazy_yiuf_cottage, uniq_joseph
D:8:      layout_basic, overflow_temple_1_default, lair_entry_dummy,
          uniq_maurice
D:9:      layout_basic, pdpol_temple_overflow_zin_treasury_gozag_greed,
          orc_david_3, serial_rivers, chequers_serial_rivers_micro_d,
          chequers_serial_rivers_micro_b, chequers_serial_rivers_micro_b,
          chequers_serial_rivers_room_a, chequers_serial_rivers_large_a,
          chequers_serial_rivers_marsh
D:10:     layout_irregular_city, serial_column_ruins, column_ruins_square_small,
          column_ruins_hut, column_ruins_open_large,
          column_ruins_corridor_straight, column_ruins_columns_straight,
          column_ruins_open_medium, hangedman_abyss_or_decor_stagger,
          kennysheep_nub, roderic_lattice_a
Temple:   eino_temple_water
Lair:1:   layout_concentric_octagons, uniq_harold
Lair:2:   layout_regular_city, skrybe_swamp_entry_bodies, grunt_megastairs_3,
          serial_bayou_shore_b, uniq_nergalle
Lair:3:   layout_loops_ring, dummy_snake_entry, grunt_megastairs_4, uniq_amaemon
Lair:4:   layout_cave_pods, minmay_slime_entry_jelly_boxes, grunt_megastairs_5
Lair:5:   hangedman_lair_tendril_chambers, layout_gridlike,
          guppyfry_lair_end_dragon, wad_woods_road_05, serial_bayou_shore_b,
          lemuel_fruit_tree

Skill      XL: |  1  2  3  4  5  6  7  8  9 10 11 12 13 14 |
---------------+-------------------------------------------+-----
Unarmed Combat | 1 2 3 4 6 7 9 |  9.0
Spellcasting   | 4 5 |  5.0
Fighting       | 6 |  6.0
Shields        | 2 8 12 15 17 | 17.5
Air Magic      | 3 5 |  5.2
Dodging        | |  1.5
Stealth        | |  1.4
Conjurations   | |  0.6

Action                     |  1- 3 |  4- 6 |  7- 9 | 10-12 | 13-15 || total
---------------------------+-------+-------+-------+-------+-------++-------
  Melee: Unarmed           |   125 |   108 |   237 |   518 |   727 ||  1715
         Punch             |       |     2 |    12 |       |       ||    14
         Staff             |       |       |       |       |   130 ||   130
   Cast: Shock             |     4 |       |       |       |     4 ||     8
         Swiftness         |       |       |       |       |     5 ||     5
  Evoke: Wand              |       |       |     3 |       |     4 ||     7
    Use: Scroll            |       |     4 |     7 |     7 |     6 ||    24
         Potion            |       |       |     4 |     9 |     5 ||    18
   Stab: Sleeping          |     1 |     2 |     1 |     1 |       ||     5
         Distracted        |       |       |     1 |       |       ||     1
         Invisible         |       |       |     1 |     1 |       ||     2
 Armour: Robe              |    44 |    25 |    65 |    69 |       ||   203
         Skin              |       |       |     4 |       |    42 ||    46
         Steam dragon scal |       |       |       |     8 |       ||     8
         Acid dragon scale |       |       |       |    82 |   263 ||   345
  Dodge: Dodged            |    52 |    53 |    81 |    91 |   198 ||   475
  Block: Other             |     3 |    34 |    35 |       |       ||    72
         Tower shield      |       |       |    31 |   594 |  1179 ||  1804
         Reflection        |       |       |       |    11 |     4 ||    15
